SL
FT. WORTH CATTLEMEN @ ROCKY MOUNTAIN NUGGETS
08/18/2030
 
TOP OF THE 1ST
Ft. Worth Cattlemen batting - Pitching for Rocky Mountain Nuggets : RHP Juan Guillén
Pitching: RHP Juan Guillén
Batting: RHB Alan Elder 0-0: Called Strike
0-1: Ball
1-1: Foul Ball, location: 2F
1-2: Foul Ball, location: 2F
1-2: Foul Ball, location: 2F
1-2: Foul Ball, location: 2F
1-2: Strikes out looking
Batting: LHB Chris Etheridge 0-0: Ball
1-0: Called Strike
1-1: Ground out 4-3 (Groundball, 4S)
Batting: RHB Bart Lewis 0-0: Called Strike
0-1: Ball
1-1: Ball
2-1: Fly out, F9 (Flyball, 9)
Top of the 1st over - 0 runs, 0 hits, 0 errors, 0 left on base; Ft. Worth 0 - Rocky Mountain 0
BOTTOM OF THE 1ST
Rocky Mountain Nuggets batting - Pitching for Ft. Worth Cattlemen : RHP Gustavo Pérez
Pitching: RHP Gustavo Pérez
Batting: LHB Roberto Salazar 0-0: Ball
1-0: Foul Ball, location: 2F
1-1: TRIPLE (Flyball, 7D)
Batting: RHB Iván Vega 0-0: Ball
1-0: Ball
2-0: Called Strike
2-1: Called Strike
2-2: Strikes out swinging
Batting: LHB Javier Sánchez 0-0: Called Strike
0-1: Ball
1-1: Ball
2-1: SINGLE (Groundball, 4D)
Roberto Salazar scores
Batting: RHB Paco Muńóz 0-0: Called Strike
0-1: Foul Ball, location: 2F
0-2: Ball
1-2: Ball
2-2: Strikes out looking
Batting: LHB Roberto Sánchez 0-0: Fly out, F8 (Flyball, 8LXD)
Bottom of the 1st over - 1 run, 2 hits, 0 errors, 1 left on base; Ft. Worth 0 - Rocky Mountain 1
TOP OF THE 2ND
Ft. Worth Cattlemen batting - Pitching for Rocky Mountain Nuggets : RHP Juan Guillén
Batting: RHB Gilberto Juárez 0-0: Called Strike
0-1: Fly out, F8 (Flyball, 89M)
Batting: LHB Rick Mayfield 0-0: Foul Ball, location: 2F
0-1: Swinging Strike
0-2: Hit by Pitch
Pinch Runner at 1st Robby Day:
Batting: SHB Marcos Roa 0-0: Called Strike
0-1: Called Strike
0-2: Ball
1-2: Strikes out swinging
Batting: LHB Nobuo Yamashita 0-0: Ball
1-0: Swinging Strike
1-1: Called Strike
1-2: Ground out U3 (Groundball, 3L)
Top of the 2nd over - 0 runs, 0 hits, 0 errors, 1 left on base; Ft. Worth 0 - Rocky Mountain 1
BOTTOM OF THE 2ND
Rocky Mountain Nuggets batting - Pitching for Ft. Worth Cattlemen : RHP Gustavo Pérez
Now in RF: Robby Day
Batting: RHB Ludwig Kluge 0-0: Fly out, F8 (Flyball, 8LD)
Batting: RHB Wes Shannon 0-0: Foul Ball, location: 2F
0-1: Called Strike
0-2: Strikes out swinging
Batting: RHB Pedro Longoria 0-0: Ground out 3-1 (Groundball, 23)
Bottom of the 2nd over - 0 runs, 0 hits, 0 errors, 0 left on base; Ft. Worth 0 - Rocky Mountain 1
TOP OF THE 3RD
Ft. Worth Cattlemen batting - Pitching for Rocky Mountain Nuggets : RHP Juan Guillén
Batting: RHB Lloyd Alberink 0-0: Swinging Strike
0-1: Swinging Strike
0-2: Strikes out swinging
Batting: RHB Orlando Montoya 0-0: Ball
1-0: Foul Ball, location: 2F
1-1: Foul Ball, location: 2F
1-2: SINGLE (Line Drive, 7S)
Batting: RHB Alan Elder 0-0: Ball
1-0: Swinging Strike
1-1: Ball
2-1: SINGLE (Groundball, 6MD)
Orlando Montoya to second
Runner from 2nd tries for 3rd, SAFE, no throw
Batting: LHB Chris Etheridge 0-0: Ball
1-0: Ball
2-0: Called Strike
2-1: Foul Ball, location: 2F
2-2: Fielders Choice at 2nd, 4-6 (Groundball, 34)
Orlando Montoya scores
Batting: RHB Bart Lewis 0-0: Ball
1-0: Ball
2-0: Ball
3-0: Called Strike
3-1: Called Strike
3-2: Fly out, F6 (Line Drive, 6M)
Top of the 3rd over - 1 run, 2 hits, 0 errors, 1 left on base; Ft. Worth 1 - Rocky Mountain 1
BOTTOM OF THE 3RD
Rocky Mountain Nuggets batting - Pitching for Ft. Worth Cattlemen : RHP Gustavo Pérez
Batting: RHB Hieu De 0-0: Called Strike
0-1: Ball
1-1: Called Strike
1-2: Strikes out swinging
Batting: LHB Roberto Salazar 0-0: Ground out 4-3 (Groundball, 4)
Batting: RHB Iván Vega 0-0: Ball
1-0: SINGLE (Groundball, 56D)
Batting: LHB Javier Sánchez 0-0: Ball
Iván Vega steals 2nd base
1-0: Ground out 4-3 (Groundball, 4)
Bottom of the 3rd over - 0 runs, 1 hit, 0 errors, 1 left on base; Ft. Worth 1 - Rocky Mountain 1
TOP OF THE 4TH
Ft. Worth Cattlemen batting - Pitching for Rocky Mountain Nuggets : RHP Juan Guillén
Batting: RHB Gilberto Juárez 0-0: Swinging Strike
0-1: Ball
1-1: Called Strike
1-2: Foul Ball, location: 2F
1-2: Reached via error on a dropped throw, E3
Batting: SHB Robby Day 0-0: Called Strike
0-1: Ground out 4-3 (Groundball, 34D)
Gilberto Juárez to second
Batting: SHB Marcos Roa 0-0: Ball
1-0: Ground out 1-3 (Groundball, 13S)
Gilberto Juárez to third
Batting: LHB Nobuo Yamashita 0-0: Ball
1-0: Called Strike
1-1: Swinging Strike
1-2: Strikes out looking
Top of the 4th over - 0 runs, 0 hits, 1 error, 1 left on base; Ft. Worth 1 - Rocky Mountain 1
BOTTOM OF THE 4TH
Rocky Mountain Nuggets batting - Pitching for Ft. Worth Cattlemen : RHP Gustavo Pérez
Batting: RHB Paco Muńóz 0-0: Ball
1-0: Foul Ball, location: 2F
1-1: Foul Ball, location: 2F
1-2: Foul Ball, location: 2F
1-2: Foul Ball, location: 2F
1-2: Ball
2-2: Fly out, F4 (Line Drive, 4)
Batting: LHB Roberto Sánchez 0-0: Ground out U3 (Groundball, 3)
Batting: RHB Ludwig Kluge 0-0: Ball
1-0: Called Strike
1-1: Swinging Strike
1-2: Ball
2-2: Ball
3-2: SINGLE (Line Drive, 9LS)
Batting: RHB Wes Shannon 0-0: Ball
1-0: Called Strike
1-1: Ball
2-1: Called Strike
2-2: Ball
3-2: Base on Balls
Ludwig Kluge to second
Batting: RHB Pedro Longoria 0-0: Ground out 4-3 (Groundball, 4)
Bottom of the 4th over - 0 runs, 1 hit, 0 errors, 2 left on base; Ft. Worth 1 - Rocky Mountain 1
TOP OF THE 5TH
Ft. Worth Cattlemen batting - Pitching for Rocky Mountain Nuggets : RHP Juan Guillén
Batting: RHB Lloyd Alberink 0-0: Fly out, F4 (Line Drive, 4)
Batting: RHB Orlando Montoya 0-0: SINGLE (Groundball, 6MD)
Batting: RHB Alan Elder 0-0: Ball
1-0: Fly out, F8 (Flyball, 8LD)
Batting: LHB Chris Etheridge 0-0: Ball
1-0: Foul Ball, location: 2F
1-1: Swinging Strike
1-2: Ball
Orlando Montoya steals 2nd base
2-2: Ball
3-2: Strikes out looking
Top of the 5th over - 0 runs, 1 hit, 0 errors, 1 left on base; Ft. Worth 1 - Rocky Mountain 1
BOTTOM OF THE 5TH
Rocky Mountain Nuggets batting - Pitching for Ft. Worth Cattlemen : RHP Gustavo Pérez
Batting: RHB Hieu De 0-0: Foul Ball, location: 2F
0-1: Foul Ball, location: 2F
0-2: Fly out, F9 (Flyball, 9)
Batting: LHB Roberto Salazar 0-0: Called Strike
0-1: Ball
1-1: Fly out, F3 (Line Drive, 34S)
Batting: RHB Iván Vega 0-0: Ball
1-0: Called Strike
1-1: TRIPLE (Flyball, 9D)
Batting: LHB Javier Sánchez 0-0: Called Strike
0-1: Fly out, F7 (Flyball, 7D)
Bottom of the 5th over - 0 runs, 1 hit, 0 errors, 1 left on base; Ft. Worth 1 - Rocky Mountain 1
TOP OF THE 6TH
Ft. Worth Cattlemen batting - Pitching for Rocky Mountain Nuggets : RHP Juan Guillén
Batting: RHB Bart Lewis 0-0: Ball
1-0: Swinging Strike
1-1: Ball
2-1: SINGLE (Groundball, 56D)
Batting: RHB Gilberto Juárez 0-0: Ball
1-0: DOUBLE (Line Drive, 78XD)
Bart Lewis to third
Batting: SHB Robby Day 0-0: Ball
1-0: Ball
2-0: Called Strike
2-1: Called Strike
2-2: Foul Ball, location: 2F
2-2: Strikes out looking
Batting: SHB Marcos Roa 0-0: Called Strike
0-1: Foul Ball, location: 2F
0-2: Strikes out swinging
Batting: LHB Nobuo Yamashita 0-0: Foul Ball, location: 2F
0-1: Ball
1-1: Swinging Strike
1-2: Ball
2-2: Ball
3-2: Strikes out looking
Top of the 6th over - 0 runs, 2 hits, 0 errors, 2 left on base; Ft. Worth 1 - Rocky Mountain 1
BOTTOM OF THE 6TH
Rocky Mountain Nuggets batting - Pitching for Ft. Worth Cattlemen : RHP Gustavo Pérez
Batting: RHB Paco Muńóz 0-0: Ball
1-0: Swinging Strike
1-1: Ground out 6-3 (Groundball, 6)
Batting: LHB Roberto Sánchez 0-0: Ball
1-0: Foul Ball, location: 2F
1-1: Ball
2-1: DOUBLE (Line Drive, 8LXD)
Batting: RHB Ludwig Kluge 0-0: Foul Ball, location: 2F
0-1: Ball
1-1: Ball
2-1: SINGLE (Flyball, 89M)
Roberto Sánchez to third
Runner from 3rd tries for Home, SAFE, no throw
Batting: RHB Wes Shannon 0-0: Called Strike
0-1: Ball
1-1: Ball
2-1: SINGLE (Line Drive, 4)
Ludwig Kluge to second
Runner from 2nd tries for 3rd, SAFE, no throw
Batting: RHB Pedro Longoria 0-0: Hit by Pitch
Wes Shannon to second
Batting: RHB Hieu De 0-0: Ball
1-0: Ball
2-0: Foul Ball, location: 2F
2-1: SINGLE (Groundball, 34D)
Ludwig Kluge scores
Wes Shannon to third
Pedro Longoria to second
Batting: LHB Roberto Salazar 0-0: Swinging Strike
0-1: Ball
1-1: Ball
2-1: Ball
3-1: Base on Balls
Wes Shannon scores
Pedro Longoria to third
Hieu De to second
Pitching: RHP Roberto Cavazos
Batting: RHB Iván Vega 0-0: Ball
1-0: Called Strike
1-1: Ball
2-1: Swinging Strike
2-2: Fly out, F8 (Flyball, 8LM)
Runner from 3rd tags up, OUT at HOME
Bottom of the 6th over - 3 runs, 4 hits, 0 errors, 2 left on base; Ft. Worth 1 - Rocky Mountain 4
TOP OF THE 7TH
Ft. Worth Cattlemen batting - Pitching for Rocky Mountain Nuggets : RHP Juan Guillén
Batting: RHB Lloyd Alberink 0-0: Called Strike
0-1: Foul Ball, location: 2F
0-2: Foul Ball, location: 2F
0-2: Ball
1-2: Foul Ball, location: 2F
1-2: Ball
2-2: DOUBLE (Line Drive, 7LD)
Batting: RHB Orlando Montoya 0-0: Ball
1-0: Ground out U3 (Groundball, 3L)
Lloyd Alberink to third
Batting: RHB Alan Elder 0-0: Swinging Strike
0-1: Fly out, F3 (Line Drive, 34)
Batting: LHB Chris Etheridge 0-0: Called Strike
0-1: Ball
1-1: Fly out, F5 (Popup, 5F)
Top of the 7th over - 0 runs, 1 hit, 0 errors, 1 left on base; Ft. Worth 1 - Rocky Mountain 4
BOTTOM OF THE 7TH
Rocky Mountain Nuggets batting - Pitching for Ft. Worth Cattlemen : RHP Roberto Cavazos
Batting: LHB Javier Sánchez 0-0: Ball
1-0: Ball
2-0: Ground out 4-3 (Groundball, 4D)
Batting: RHB Paco Muńóz 0-0: Fly out, F7 (Flyball, 7S)
Batting: LHB Roberto Sánchez 0-0: Called Strike
0-1: Ball
1-1: Fly out, F8 (Flyball, 8RM)
Bottom of the 7th over - 0 runs, 0 hits, 0 errors, 0 left on base; Ft. Worth 1 - Rocky Mountain 4
TOP OF THE 8TH
Ft. Worth Cattlemen batting - Pitching for Rocky Mountain Nuggets : RHP Juan Guillén
Batting: RHB Bart Lewis 0-0: Called Strike
0-1: Ball
1-1: Called Strike
1-2: Foul Ball, location: 2F
1-2: Strikes out swinging
Pitching: RHP Carlos Trevino
Batting: RHB Gilberto Juárez 0-0: Foul Ball, location: 2F
0-1: Ball
1-1: Ball
2-1: Ball
3-1: Called Strike
3-2: Fly out, F9 (Flyball, 9S)
Batting: SHB Robby Day 0-0: Ball
1-0: Foul Ball, location: 2F
1-1: Called Strike
1-2: Ball
2-2: Foul Ball, location: 2F
2-2: Ball
3-2: Foul Ball, location: 2F
3-2: DOUBLE (Flyball, 8LXD)
Batting: SHB Marcos Roa 0-0: Ball
1-0: Swinging Strike
1-1: Foul Ball, location: 2F
1-2: Strikes out swinging
Top of the 8th over - 0 runs, 1 hit, 0 errors, 1 left on base; Ft. Worth 1 - Rocky Mountain 4
BOTTOM OF THE 8TH
Rocky Mountain Nuggets batting - Pitching for Ft. Worth Cattlemen : RHP Roberto Cavazos
Batting: RHB Ludwig Kluge 0-0: Foul Ball, location: 2F
0-1: Ball
1-1: Ball
2-1: Ball
3-1: Fly out, F7 (Line Drive, 7)
Batting: RHB Wes Shannon 0-0: Ball
1-0: Ball
2-0: Called Strike
2-1: Ground out 4-3 (Groundball, 4)
Batting: RHB Pedro Longoria 0-0: Called Strike
0-1: Ball
1-1: Swinging Strike
1-2: Strikes out swinging
Bottom of the 8th over - 0 runs, 0 hits, 0 errors, 0 left on base; Ft. Worth 1 - Rocky Mountain 4
TOP OF THE 9TH
Ft. Worth Cattlemen batting - Pitching for Rocky Mountain Nuggets : RHP Carlos Trevino
Pitching: RHP Jorge Garza
Batting: LHB Nobuo Yamashita 0-0: Ball
1-0: Foul Ball, location: 2F
1-1: SINGLE (Flyball, 3D)
Batting: RHB Lloyd Alberink 0-0: Ball
1-0: Ball
2-0: Foul Ball, location: 2F
2-1: Foul Ball, location: 2F
2-2: Fielders Choice at 2nd, 6-4 (Groundball, 6)
Batting: RHB Orlando Montoya 0-0: Called Strike
0-1: Called Strike
0-2: Ball
1-2: Ball
2-2: Foul Ball, location: 2F
2-2: Fly out, F8 (Flyball, 8LM)
Batting: RHB Alan Elder 0-0: Ball
1-0: Called Strike
1-1: Swinging Strike
1-2: Ball
2-2: Ball
3-2: Fly out, F5 (Line Drive, 5)
Top of the 9th over - 0 runs, 1 hit, 0 errors, 1 left on base; Ft. Worth 1 - Rocky Mountain 4
Sunday, March 18th, 2018 - OOTP Baseball 18.8 Build 76